 Dungeon Crawl Stone Soup version 0.24.0-13-gcf9b319 (webtiles) character file.

Game seed: 10844885138202288108, levelgen mode: deterministic

148 Doobh the Sneak (level 5, -1/28 HPs)
             Began as a Kobold Enchanter on Jan 22, 2020.
             Slain by an orc
             ... wielding a +0 club
              (4 damage)
             ... on level 3 of the Dungeon.
             The game lasted 00:07:06 (3239 turns).

Doobh the Sneak (Kobold Enchanter)                  Turns: 3239, Time: 00:07:07

Health: -1/28      AC:  3    Str:  5    XL:     5   Next: 56%
Magic:  0/9        EV: 16    Int: 16    God:
Gold:   93         SH:  0    Dex: 17    Spells: 6/9 levels left

rFire    . . .     SeeInvis .   a - +1 dagger
rCold    . . .     Gourm    .   (shield restricted)
rNeg     . . .     Faith    .   b - +0 robe
rPois    .         Spirit   .   (no helmet)
rElec    .         Reflect  .   (no cloak)
rCorr    .         Harm     .   h - +0 pair of gloves
MR       .....                  (no boots)
Stlth    +++.......             (no amulet)
HPRegen  0.09/turn              (no ring)
MPRegen  0.11/turn              (no ring)

@: no status effects
A: small, carnivore
a: no special abilities


You were on level 3 of the Dungeon.
You were completely stuffed.

You visited 1 branch of the dungeon, and saw 3 of its levels.

You collected 93 gold pieces.

Inventory:

Hand Weapons
 a - a +1 dagger (weapon)
Missiles
 k - 31 poisoned darts (quivered)
Armour
 b - a +0 robe (worn)
 h - a +0 pair of gloves (worn)
Jewellery
 s - a +6 ring of slaying
Scrolls
 c - 3 scrolls of teleportation {unknown}
 e - 2 scrolls of identify
 j - a scroll of remove curse {unknown}
 m - a scroll of fog {unknown}
 n - a scroll of immolation {unknown}
 o - a scroll of enchant weapon {unknown}
 p - a scroll of blinking {unknown}
Potions
 f - a potion of heal wounds {unknown}
 g - 2 potions of flight
 i - a potion of lignification {unknown}
 l - a potion of degeneration {unknown}
 q - a potion of cancellation {unknown}
Comestibles
 d - 5 rations
 r - 6 chunks of flesh


   Skills:
 * Level 3.9 Short Blades
 + Level 3.3 Dodging
 + Level 4.9 Stealth
 + Level 2.9 Spellcasting
 + Level 3.5 Hexes


You had 6 spell levels left.
You knew the following spells:

 Your Spells              Type           Power        Failure   Level  Hunger
a - Corona                Hex            ##.....      4%          1    #......
b - Ensorcelled Hibernat  Hex/Ice        #.....       14%         2    ##.....

Your spell library contained the following spells:

 Spells                   Type           Power        Failure   Level  Hunger
 Confuse                  Hex            ##......     13%         3    ###....
 Tukima's Dance           Hex            ##......     13%         3    ###....
 Dazzling Spray           Conj/Hex       #.....       26%         3    ###....


Dungeon Overview and Level Annotations

Branches:
Dungeon (3/15)

Altars:
Ashenzari

Annotations:
D:2 Sigmund


Innate Abilities, Weirdness & Mutations

You are small and have problems with some larger weapons.
You are carnivorous and can eat meat at any time.


Message History

a +0 dagger; a +0 leather armour; a scroll labeled XUSHRI TOOTUKH an adder corpse The orc misses you.
Things that are here:
a jackal skeleton x2
Casting: Ensorcelled Hibernation (safe; 14% risk of failure)
Confirm with . or Enter, or press ? or * to list all spells.
Aiming: Ensorcelled Hibernation (safe; 14% risk of failure)
Press: ? - help, Shift-Dir - straight line, f - orc
Aim: an orc, wielding a +0 club and wearing a +0 ring mail (chance to defeat MR: 57%)
The orc resists with significant effort.
The orc hits you but does no damage.
You closely miss the orc. The orc hits you with a +0 club!
* * * LOW HITPOINT WARNING * * *
You hit the orc but do no damage. The orc hits you with a +0 club.
* * * LOW HITPOINT WARNING * * *
Your magical contamination has completely faded away.
You closely miss the orc. You hit the orc but do no damage.
The orc hits you with a +0 club.
You die...

#...# ...g... ##...
.......
##...###...#....#### #.
#..#o.#..#...# .....# #..
#.###...## ...#..##.###
#..#..#..#$g# ##..........
##...)##...## #........>..
####.###########.#........
#..).o@)...............
########...............
##..........#รท#..
#.........).#....
#.#######...##... #.# ###
#...##### #.#######...# #.
#...'_'...######.
#.###'###........


You could see an orc.

Vanquished Creatures
  A crimson imp (D:2)
  3 gnolls (D:3)
  2 adders
  A worm (D:2)
  2 dart slugs (D:1)
  A leopard gecko (D:1)
  3 orcs (D:3)
  3 bats
  3 giant cockroaches (D:1)
  5 goblins
  7 hobgoblins
  8 jackals
  2 kobolds
  A quokka (D:3)
  4 frilled lizards
  9 rats
55 creatures vanquished.

Notes
Turn   | Place    | Note
-------+----------+-------------------------------------------
     0 | D:1      | Doobh the Kobold Enchanter began the quest for the Orb.
     0 | D:1      | Reached XP level 1. HP: 10/10 MP: 3/3
   485 | D:1      | Reached XP level 2. HP: 11/15 MP: 5/5
  1008 | D:1      | Learned a level 2 spell: Ensorcelled Hibernation
  1110 | D:1      | Reached XP level 3. HP: 19/19 MP: 6/6
  2162 | D:2      | Reached XP level 4. HP: 24/24 MP: 2/8
  2221 | D:2      | Noticed Sigmund
  2889 | D:3      | Reached XP level 5. HP: 28/28 MP: 9/9
  3079 | D:3      | Found a shattered altar of Ashenzari.
  3239 | D:3      | Slain by an orc

Levels and vault maps discovered:
D:1:      lightli_arrival_maybe_door_vault, layout_loops_ring, st_stairs_9,
          corexii_corridor_pit
D:2:      layout_basic, minmay_hedge_maze, dk_vineyard_1, uniq_sigmund
D:3:      layout_rooms, lemuel_doored_altar, first_ration, kennysheep_donut,
          chequers_serial_rivers_room_a, minmay_strange_pillars,
          minmay_diced_spiral

Skill      XL: |  1  2  3 |
---------------+----------+-----
Short Blades   | 2 3 |  3.9
Dodging        | 3 |  3.3
Stealth        | |  4.9
Spellcasting   | |  2.9
Hexes          | |  3.5

Action                   |  1- 3 |  4- 6 || total
-------------------------+-------+-------++-------
Melee: Dagger            |   140 |   101 ||   241
 Cast: Ensorcelled Hiber |    13 |    18 ||    31
  Use: Scroll            |       |     1 ||     1
 Stab: Sleeping          |    16 |    12 ||    28
       Distracted        |       |     1 ||     1
  Eat: Chunk             |    12 |     6 ||    18
Armor: Robe              |    22 |    20 ||    42
Dodge: Dodged            |    62 |    66 ||   128
